NWL (28 & UNDER)
MOOSE JAW GHOSTBUSTERS @ BISMARCK BARONS
09/13/2028
 
TOP OF THE 1ST
Moose Jaw Ghostbusters batting - Pitching for Bismarck Barons : RHP Francisco Anaya
Pitching: RHP Francisco Anaya
Batting: LHB David Adams 0-0: Ball
1-0: Ball
2-0: Foul Ball, location: 2F
2-1: Ball
3-1: Foul Ball, location: 2F
3-2: Fly out, F7 (Flyball, 7S)
Batting: LHB Jon Scott 0-0: Fly out, F8 (Flyball, 78S)
Batting: RHB Billy Mullins 0-0: Foul Ball, location: 2F
0-1: Foul Ball, location: 2F
0-2: Foul Ball, location: 2F
0-2: Ball
1-2: Fly out, F8 (Flyball, 8LM)
Top of the 1st over - 0 run(s), 0 hit(s), 0 error(s), 0 left on base; Moose Jaw 0 - Bismarck 0
BOTTOM OF THE 1ST
Bismarck Barons batting - Pitching for Moose Jaw Ghostbusters : LHP Martin White
Pitching: LHP Martin White
Batting: RHB Pancho Torres 0-0: Called Strike
0-1: Fly out, F2 (Popup, 3S)
Batting: RHB Mark Roy 0-0: Ball
1-0: Ball
2-0: Ball
3-0: Swinging Strike
3-1: Base on Balls
Batting: RHB Jason Stover 0-0: Ball
1-0: Ball
2-0: Called Strike
2-1: Foul Ball, location: 2F
2-2: Foul Ball, location: 2F
2-2: Foul Ball, location: 2F
2-2: Fielders Choice at 2nd, 6-4 (Groundball, 6)
Batting: LHB Jesús Bueno 0-0: Called Strike
0-1: Swinging Strike
0-2: Ball
Jason Stover is caught stealing 2nd base
Bottom of the 1st over - 0 run(s), 0 hit(s), 0 error(s), 0 left on base; Moose Jaw 0 - Bismarck 0
TOP OF THE 2ND
Moose Jaw Ghostbusters batting - Pitching for Bismarck Barons : RHP Francisco Anaya
Batting: LHB Francisco Cardenas 0-0: Ball
1-0: SOLO HOME RUN (Flyball, 9LD), Distance : 329 ft
Batting: SHB Rafael Acosta 0-0: Called Strike
0-1: Ball
1-1: Foul Ball, location: 2F
1-2: Foul Ball, location: 2F
1-2: Foul Ball, location: 2F
1-2: Strikes out swinging
Batting: RHB Yasuhiko Sumita 0-0: Ball
1-0: Swinging Strike
1-1: Called Strike
1-2: Foul Ball, location: 2F
1-2: Ball
2-2: Strikes out looking
Batting: LHB Will Vale 0-0: Called Strike
0-1: Ground out 5-3 (Groundball, 5)
Top of the 2nd over - 1 run(s), 1 hit(s), 0 error(s), 0 left on base; Moose Jaw 1 - Bismarck 0
BOTTOM OF THE 2ND
Bismarck Barons batting - Pitching for Moose Jaw Ghostbusters : LHP Martin White
Batting: LHB Jesús Bueno 0-0: Foul Ball, location: 2F
0-1: SINGLE (Groundball, 3D)
Batting: RHB Dave Anderson 0-0: Called Strike
0-1: Called Strike
0-2: Foul Ball, location: 2F
0-2: Ball
1-2: 2-RUN HOME RUN (Flyball, 8LXD), Distance : 412 ft
Batting: RHB Félix Trevino 0-0: Ball
1-0: Called Strike
1-1: Foul Ball, location: 2F
1-2: Strikes out swinging
Batting: RHB Eric Black 0-0: Fly out, F6 (Line Drive, 6M)
Batting: RHB José Ruíz 0-0: Called Strike
0-1: Ball
1-1: Ball
2-1: Foul Ball, location: 2F
2-2: Strikes out swinging
Bottom of the 2nd over - 2 run(s), 2 hit(s), 0 error(s), 0 left on base; Moose Jaw 1 - Bismarck 2
TOP OF THE 3RD
Moose Jaw Ghostbusters batting - Pitching for Bismarck Barons : RHP Francisco Anaya
Batting: LHB Raúl Casillán 0-0: Foul Ball, location: 2F
0-1: Ball
1-1: Foul Ball, location: 2F
1-2: Strikes out swinging
Batting: RHB Donald Fenner 0-0: Ball
1-0: Called Strike
1-1: Swinging Strike
1-2: Foul Ball, location: 2F
1-2: Ball
2-2: Strikes out swinging
Batting: LHB David Adams 0-0: Called Strike
0-1: Fly out, F8 (Flyball, 8LM)
Top of the 3rd over - 0 run(s), 0 hit(s), 0 error(s), 0 left on base; Moose Jaw 1 - Bismarck 2
BOTTOM OF THE 3RD
Bismarck Barons batting - Pitching for Moose Jaw Ghostbusters : LHP Martin White
Batting: RHB Tomás Rivera 0-0: Ball
1-0: Called Strike
1-1: Foul Ball, location: 2F
1-2: Ball
2-2: Ball
3-2: Base on Balls
Batting: RHB Pancho Torres 0-0: Ball
1-0: Ball
2-0: Foul Ball, location: 2F
2-1: Called Strike
2-2: Ground out 6-3 (Groundball, 6)
Tomás Rivera to second
Batting: RHB Mark Roy 0-0: Ball
Tomás Rivera steals 3rd base
1-0: Ball
2-0: 2-RUN HOME RUN (Line Drive, 9D), Distance : 371 ft
Batting: RHB Jason Stover 0-0: Ball
1-0: Foul Ball, location: 2F
1-1: Swinging Strike
1-2: Strikes out swinging, 2-3 out at first.
Batting: LHB Jesús Bueno 0-0: Called Strike
0-1: Hit by Pitch
Batting: RHB Dave Anderson 0-0: Ball
1-0: Ball
2-0: Called Strike
2-1: Called Strike
2-2: Foul Ball, location: 2F
2-2: Strikes out swinging
Bottom of the 3rd over - 2 run(s), 1 hit(s), 0 error(s), 1 left on base; Moose Jaw 1 - Bismarck 4
TOP OF THE 4TH
Moose Jaw Ghostbusters batting - Pitching for Bismarck Barons : RHP Francisco Anaya
Batting: LHB Jon Scott 0-0: Foul Ball, location: 2F
0-1: Foul Ball, location: 2F
0-2: Ground out U3 (Groundball, 3L)
Batting: RHB Billy Mullins 0-0: SINGLE (Line Drive, 4)
Batting: LHB Francisco Cardenas 0-0: Ball
1-0: Called Strike
1-1: Ball
2-1: Foul Ball, location: 2F
2-2: Ball
3-2: Fly out, F8 (Flyball, 8LM)
Batting: SHB Rafael Acosta 0-0: Ball
1-0: Ball
2-0: Ball
3-0: Base on Balls
Billy Mullins to second
Batting: RHB Yasuhiko Sumita 0-0: Ball
1-0: Called Strike
1-1: Swinging Strike
1-2: Foul Ball, location: 2F
1-2: Ball
2-2: DOUBLE (Groundball, 3L)
Billy Mullins scores
Rafael Acosta to third
Batting: LHB Will Vale 0-0: Called Strike
0-1: Foul Ball, location: 2F
0-2: Ball
1-2: Strikes out looking
Top of the 4th over - 1 run(s), 2 hit(s), 0 error(s), 2 left on base; Moose Jaw 2 - Bismarck 4
BOTTOM OF THE 4TH
Bismarck Barons batting - Pitching for Moose Jaw Ghostbusters : LHP Martin White
Batting: RHB Félix Trevino 0-0: Ball
1-0: Ball
2-0: Called Strike
2-1: Called Strike
2-2: Strikes out looking
Batting: RHB Eric Black 0-0: Ball
1-0: Swinging Strike
1-1: Foul Ball, location: 2F
1-2: Foul Ball, location: 2F
1-2: Foul Ball, location: 2F
1-2: Ball
2-2: Strikes out swinging
Batting: RHB José Ruíz 0-0: Called Strike
0-1: Ball
1-1: Called Strike
1-2: Strikes out swinging
Bottom of the 4th over - 0 run(s), 0 hit(s), 0 error(s), 0 left on base; Moose Jaw 2 - Bismarck 4
TOP OF THE 5TH
Moose Jaw Ghostbusters batting - Pitching for Bismarck Barons : RHP Francisco Anaya
Batting: LHB Raúl Casillán 0-0: SOLO HOME RUN (Flyball, 89XD), Distance : 370 ft
Batting: RHB Donald Fenner 0-0: Ball
1-0: Ball
2-0: SINGLE (Line Drive, 5D)
Batting: LHB David Adams 0-0: Called Strike
0-1: Ball
1-1: Ball
2-1: Foul Ball, location: 2F
2-2: Fly out, F7 (Flyball, 7)
Batting: LHB Jon Scott 0-0: SINGLE (Groundball, 15) (infield hit)
Donald Fenner to second
Batting: RHB Billy Mullins 0-0: Foul Ball, location: 2F
0-1: Ball
1-1: Ball
2-1: Fly out, F7 (Flyball, 7)
Batting: LHB Francisco Cardenas 0-0: Fielders Choice at 2nd, 4-6 (Groundball, 4)
Top of the 5th over - 1 run(s), 3 hit(s), 0 error(s), 1 left on base; Moose Jaw 3 - Bismarck 4
BOTTOM OF THE 5TH
Bismarck Barons batting - Pitching for Moose Jaw Ghostbusters : LHP Martin White
Batting: RHB Tomás Rivera 0-0: Ground out U3 (Groundball, 3)
Batting: RHB Pancho Torres 0-0: Foul Ball, location: 2F
0-1: Foul Ball, location: 2F
0-2: Strikes out swinging
Batting: RHB Mark Roy 0-0: Swinging Strike
0-1: Ball
1-1: Ball
2-1: Called Strike
2-2: Foul Ball, location: 2F
2-2: Strikes out swinging
Bottom of the 5th over - 0 run(s), 0 hit(s), 0 error(s), 0 left on base; Moose Jaw 3 - Bismarck 4
TOP OF THE 6TH
Moose Jaw Ghostbusters batting - Pitching for Bismarck Barons : RHP Francisco Anaya
Batting: SHB Rafael Acosta 0-0: Ball
1-0: Ball
2-0: Ball
3-0: SINGLE (Line Drive, 56D)
Batting: RHB Yasuhiko Sumita 0-0: Foul Ball, location: 2F
0-1: Ball
1-1: Ball
2-1: Foul Ball, location: 2F
2-2: Ball
Rafael Acosta is caught stealing 2nd base
3-2: Foul Ball, location: 2F
3-2: Base on Balls
Batting: LHB Will Vale 0-0: SINGLE (Groundball, 34D)
Yasuhiko Sumita to second
Batting: LHB Raúl Casillán 0-0: Ball
1-0: Ball
2-0: Fly out, F3 (Popup, 3D)
Batting: RHB Donald Fenner 0-0: SINGLE (Flyball, 7LS)
Yasuhiko Sumita to third
Will Vale to second
Runner from 3rd tries for Home, SAFE, no throw
Pitching: LHP Christiano Gomes
Batting: LHB David Adams 0-0: Foul Ball, location: 2F
0-1: Called Strike
0-2: Ball
1-2: Foul Ball, location: 2F
1-2: Ball
2-2: Foul Ball, location: 2F
2-2: Ground out U3 (Groundball, 34)
Top of the 6th over - 1 run(s), 3 hit(s), 0 error(s), 2 left on base; Moose Jaw 4 - Bismarck 4
BOTTOM OF THE 6TH
Bismarck Barons batting - Pitching for Moose Jaw Ghostbusters : LHP Martin White
Pitching: RHP Pancho Hernández
Batting: RHB Jason Stover 0-0: Called Strike
0-1: Ball
1-1: Foul Ball, location: 2F
1-2: Ball
2-2: Strikes out swinging
Batting: LHB Jesús Bueno 0-0: Called Strike
0-1: Foul Ball, location: 2F
0-2: Foul Ball, location: 2F
0-2: Foul Ball, location: 2F
0-2: Ball
1-2: Fly out, F7 (Flyball, 7D)
Batting: RHB Dave Anderson 0-0: Foul Ball, location: 2F
0-1: Swinging Strike
0-2: Foul Ball, location: 2F
0-2: Ball
1-2: Foul Ball, location: 2F
1-2: Ball
2-2: Ball
3-2: DOUBLE (Groundball, 3L)
Batting: RHB Félix Trevino 0-0: Foul Ball, location: 2F
0-1: Foul Ball, location: 2F
0-2: Ball
1-2: Fly out, F8 (Flyball, 8RM)
Bottom of the 6th over - 0 run(s), 1 hit(s), 0 error(s), 1 left on base; Moose Jaw 4 - Bismarck 4
TOP OF THE 7TH
Moose Jaw Ghostbusters batting - Pitching for Bismarck Barons : LHP Christiano Gomes
Pinch Hitting: LHB Karl Hill 0-0: Ball
1-0: Ball
2-0: Swinging Strike
2-1: Foul Ball, location: 2F
2-2: Ball
3-2: Foul Ball, location: 2F
3-2: Strikes out swinging
Batting: RHB Billy Mullins 0-0: Foul Ball, location: 2F
0-1: Ball
1-1: Ball
2-1: Foul Ball, location: 2F
2-2: Strikes out swinging
Batting: LHB Francisco Cardenas 0-0: Ball
1-0: Ball
2-0: Called Strike
2-1: Swinging Strike
2-2: Ball
3-2: Foul Ball, location: 2F
3-2: Base on Balls
Batting: SHB Rafael Acosta 0-0: Foul Ball, location: 2F
0-1: Ball
1-1: Swinging Strike
1-2: Ball
2-2: Ball
3-2: Base on Balls
Francisco Cardenas to second
Batting: RHB Yasuhiko Sumita 0-0: Ball
1-0: Swinging Strike
1-1: Ball
2-1: SINGLE (Groundball, 56D)
Francisco Cardenas to third
Rafael Acosta to second
Runner from 3rd tries for Home, SAFE, no throw
Batting: LHB Will Vale 0-0: Ball
1-0: Called Strike
1-1: Foul Ball, location: 2F
1-2: Strikes out swinging
Top of the 7th over - 1 run(s), 1 hit(s), 0 error(s), 2 left on base; Moose Jaw 5 - Bismarck 4
BOTTOM OF THE 7TH
Bismarck Barons batting - Pitching for Moose Jaw Ghostbusters : RHP Pancho Hernández
Now in LF: Karl Hill
Batting: RHB Eric Black 0-0: Ball
1-0: Ball
2-0: Ball
3-0: Called Strike
3-1: Base on Balls
Pinch Runner at 1st Juan Castillo:
Batting: RHB José Ruíz 0-0: Bunted foul
0-1: Sac Bunt - play at first, batter OUT! 4-3
Juan Castillo to second
Pinch Hitting: LHB Jorge Fernández 0-0: Ball
1-0: Called Strike
1-1: Fly out, F8 (Flyball, 89M)
Pinch Hitting: SHB José Gonzáles 0-0: SINGLE (Groundball, 34D)
Juan Castillo to third
Runner from 3rd tries for Home, SAFE, no throw
Pinch Hitting: RHB Fernando Castellanos 0-0: Swinging Strike
0-1: Ball
1-1: Foul Ball, location: 2F
1-2: Foul Ball, location: 2F
1-2: Ball
José Gonzáles steals 2nd base
2-2: Ball
3-2: Base on Balls
Batting: RHB Jason Stover 0-0: Ball
1-0: Called Strike
1-1: Fly out, F7 (Line Drive, 7)
Bottom of the 7th over - 1 run(s), 1 hit(s), 0 error(s), 2 left on base; Moose Jaw 5 - Bismarck 5
TOP OF THE 8TH
Moose Jaw Ghostbusters batting - Pitching for Bismarck Barons : LHP Christiano Gomes
Now at 1B: Jorge Fernández
Now at 2B: Felipe Domínguez
Now at SS: Francisco Fernández
Now in LF: José Gonzáles
Batting: LHB Raúl Casillán 0-0: Ball
1-0: Foul Ball, location: 2F
1-1: Ball
2-1: Foul Ball, location: 2F
2-2: Foul Ball, location: 2F
2-2: Ball
3-2: Base on Balls
Pinch Hitting: RHB Don Turner 0-0: Bunted foul
0-1: Ball
1-1: Ball
Raúl Casillán is caught stealing 2nd base
2-1: Ball
3-1: Base on Balls
Pinch Hitting: RHB Shawn Bane 0-0: Ball
1-0: Ball
2-0: Called Strike
2-1: Called Strike
2-2: 2-RUN HOME RUN (Line Drive, 78XD), Distance : 379 ft
Pitching: RHP Domingo León
Batting: LHB Karl Hill 0-0: Ball
1-0: Foul Ball, location: 2F
1-1: Ball
2-1: Ball
3-1: Base on Balls
Batting: RHB Billy Mullins 0-0: Ball
1-0: Ball
2-0: Foul Ball, location: 2F
2-1: Foul Ball, location: 2F
2-2: Strikes out swinging
Pitching: LHP Charlie Conner
Batting: LHB Francisco Cardenas 0-0: Foul Ball, location: 2F
0-1: Swinging Strike
0-2: Ball
1-2: SINGLE (Line Drive, 8LS)
Karl Hill to second
Pitching: RHP Wilson Molina
Batting: SHB Rafael Acosta 0-0: Called Strike
0-1: Foul Ball, location: 2F
0-2: Strikes out looking
Top of the 8th over - 2 run(s), 2 hit(s), 0 error(s), 2 left on base; Moose Jaw 7 - Bismarck 5
BOTTOM OF THE 8TH
Bismarck Barons batting - Pitching for Moose Jaw Ghostbusters : RHP Pancho Hernández
Now at 3B: Nicholas Harris
Now at SS: Lúcio Ramírez
Batting: LHB Jesús Bueno 0-0: Called Strike
0-1: SINGLE (Groundball, 34S) (infield hit)
Pinch Runner at 1st Xie-li Fong:
Batting: RHB Dave Anderson 0-0: Swinging Strike
0-1: Ball
1-1: Ball
2-1: Swinging Strike
2-2: Ball
3-2: Strikes out swinging
Batting: RHB Félix Trevino 0-0: Ground out U3 (Groundball, 23)
Xie-li Fong to second
Batting: RHB Francisco Fernández 0-0: Ball
1-0: Ball
2-0: Foul Ball, location: 2F
2-1: Ball
3-1: 2-RUN HOME RUN (Flyball, 8LXD), Distance : 404 ft
Batting: RHB José Ruíz 0-0: Fly out, F7 (Flyball, 78M)
Bottom of the 8th over - 2 run(s), 2 hit(s), 0 error(s), 0 left on base; Moose Jaw 7 - Bismarck 7
TOP OF THE 9TH
Moose Jaw Ghostbusters batting - Pitching for Bismarck Barons : RHP Wilson Molina
Pitching: RHP Ignacio Beltrán
Batting: RHB Yasuhiko Sumita 0-0: Ball
1-0: Ball
2-0: Ball
3-0: Called Strike
3-1: Called Strike
3-2: Ground out 4-3 (Groundball, 4)
Batting: LHB Will Vale 0-0: Ball
1-0: Swinging Strike
1-1: Foul Ball, location: 2F
1-2: Strikes out swinging
Batting: LHB Raúl Casillán 0-0: Fly out, F3 (Popup, 3L)
Top of the 9th over - 0 run(s), 0 hit(s), 0 error(s), 0 left on base; Moose Jaw 7 - Bismarck 7
BOTTOM OF THE 9TH
Bismarck Barons batting - Pitching for Moose Jaw Ghostbusters : RHP Pancho Hernández
Pitching: LHP Javier Galeas
Pinch Hitting: RHB Eugenio Maldonado 0-0: Ball
1-0: Ball
2-0: Called Strike
2-1: Ball
3-1: Base on Balls
Pinch Runner at 1st Manny Salazar:
Batting: SHB José Gonzáles 0-0: Sac Bunt - play at first, batter OUT! 1-4
Manny Salazar to second
Batting: RHB Felipe Domínguez 0-0: Ball
1-0: Ball
2-0: Ball
3-0: Called Strike
3-1: Base on Balls
Batting: RHB Jason Stover 0-0: Called Strike
0-1: Ball
1-1: Ball
2-1: 3-RUN HOME RUN (Flyball, 8LXD), Distance : 404 ft
Tuesday, August 8th, 2017 - OOTP Baseball 17.12 Build 75